 Dungeon Crawl Stone Soup version 0.31-a0-986-g5e6e4ef867 (webtiles) character file.

Game seed: 10472137995791332528

239 Persephone the Changeling (level 6, -2/61 HPs)
             Began as an Octopode Shapeshifter on Nov 7, 2023.
             Was an Initiate of Gozag.
             Slain by a gnoll
             ... wielding a +0 halberd
             ... led by a gnoll bouda
              (9 damage)
             ... on level 3 of the Dungeon.
             The game lasted 00:03:26 (1848 turns).

Persephone the Changeling (Octopode Shapeshifter)   Turns: 1848, Time: 00:03:26

Health: -2/61      AC: 23    Str: 13 (15) XL:     6   Next: 7%
Magic:  0/6        EV:  2    Int: 13      God:    Gozag
Gold:   111        SH:  0    Dex:  9 (11) Spells: 5/5 levels left

rFire   . .          .
                       - Unarmed
rCold   . . .        (no shield)
rNeg    . . .        (helmet currently unavailable)
rPois   +            g - amulet of guardian spirit
rElec   .            (no ring)
rCorr   .            (no ring)
SInv    .            (no ring)
Will    .....        (no ring)
Stlth   +            (no ring)
HPRegen 0.30/turn    (no ring)
MPRegen 0.10/turn    (no ring)
                     (no ring)

%: guardian spirit
@: tree-form (expiring), weak-willed
A: stationary, stasis, torment immunity, boosted hp, almost no armour,
(amphibious), 8 rings, (camouflage 1), (gelatinous body 1), (nimble swimmer 1),
(tentacles)
a: Renounce Religion, Potion Petition, Call Merchant, Bribe Branch


You were on level 3 of the Dungeon.
You worshipped Gozag.
Gozag was aware of your devotion.
You were a tree.
You visited 1 branch of the dungeon, and saw 3 of its levels.

You collected 148 gold pieces.
You paid 37 gold pieces to Gozag.

Inventory:

Missiles
 k - 5 boomerangs
Jewellery
 g - an amulet of guardian spirit (around neck)
Talismans
 b - a beast talisman
 c - a flux talisman
Scrolls
 f - a scroll of identify
 h - a scroll of amnesia
 i - a scroll of vulnerability
Potions
 d - a potion of degeneration


   Skills:
 + Level 2.9 Fighting
 - Level 2.0 Dodging
 + Level 4.1 Unarmed Combat
 * Level 4.8 Shapeshifting


You had 5 spell levels left.
You didn't know any spells.
Your spell library contained the following spells:

 Spells                   Type           Power      Damage    Failure   Level
 Sandblast                Erth           0%         2d4       30%         1
 Passwall                 Tmut/Erth      0%         N/A       43%         2
 Ignite Poison            Fire/Tmut/Pois 0%         N/A       67%         3
 Stone Arrow              Conj/Erth      0%         3d7       67%         3
 Brom's Barrelling Bould  Conj/Erth      0%         2d3       97%         4
 Sticky Flame             Conj/Fire      0%         2d3       97%         4
 Ignition                 Fire           0%         3d3       100%        8


Dungeon Overview and Level Annotations

Branches:
Dungeon (3/15)

Altars:
Gozag


Innate Abilities, Weirdness & Mutations

You are a tree.
Your roots penetrate the ground, keeping you stationary.
You cannot be teleported.
You are immune to unholy pain and torment.
Your maximum health is greatly increased.
You cannot wear most types of armour.
((You are amphibious.))
You can wear up to eight rings at the same time.
((Your skin changes colour to match your surroundings (Stealth+).))
((Your rubbery body absorbs attacks. (AC +1, EV +1)))
((You are camouflaged when in or above water. (Stealth+)))
((You have tentacles for arms and can constrict up to eight enemies at once.))


Message History

Okay, then.
As you read the scroll labelled LELLIN KONU, it crumbles to dust.
It is a scroll of identify.
h - a scroll of amnesia Your transformation is almost over.
The gnoll hits you but does no damage.
As you read the scroll labelled BALUTODE FUCHI, it crumbles to dust.
Magic quickly surges around you.
It was a scroll of vulnerability.
The gnoll hits you but does no damage.
As you read the scroll labelled QENYIPL DUSO, it crumbles to dust.
You cannot blink because you are held in place by your roots.
It was a scroll of blinking.
The gnoll hits you but does no damage.
Throw: 5 boomerangs
Press: ? - help, Shift-Dir - straight line, f/p - gnoll
Aim: a gnoll, wielding a +0 halberd (weak-willed, 54% to hit)
You throw a boomerang. The boomerang hits the gnoll.
The gnoll is lightly wounded.
The gnoll hits you but does no damage. x2
Throw: 5 boomerangs
Press: ? - help, Shift-Dir - straight line, f/p - gnoll
Aim: a gnoll, wielding a +0 halberd (lightly wounded, weak-willed, 54% to hit)
You throw a boomerang. The boomerang hits the gnoll.
The gnoll is severely wounded.
The gnoll hits you but does no damage.
Throw: 5 boomerangs
Press: ? - help, Shift-Dir - straight line, f/p - gnoll
Aim: a gnoll, wielding a +0 halberd (severely wounded, weak-willed, 54% to hit)
You throw a boomerang. The boomerang hits the gnoll.
The gnoll is severely wounded.
The gnoll hits you but does no damage.
Okay, then.
Unknown command.
Throw: 5 boomerangs
Press: ? - help, Shift-Dir - straight line, f/p - gnoll
Aim: a gnoll, wielding a +0 halberd (severely wounded, weak-willed, 54% to hit)
You throw a boomerang. The boomerang closely misses the gnoll.
The gnoll hits you but does no damage.
The gnoll hits you from afar with a +0 halberd!
You die...
Your body crumbles into a pile of gold.

#.g.#.#.#.................
#.#.#.#.#####.######.##.#
#.#.#.#.# #.# #.....
#.#.#.#.## #.#########.#
#.#.#.#.#.# #)...........
.#.#$#.#.## ##########.##
.#.#.#g#.# ##.....##
#.#.#.#$## ##.......#
#.#.#.#.#♣# ##........#
#.#.#.#.#.## #.........#
#.#o#.#.#.# ##.#########
.#.#.#.#.# ####..#
.#.#.#.# #....## .#.#.#
#.#)## ###### .#.# #.#.#
#....### .# #...# #.......
#.#.# #.......


You could see a gnoll (weak-willed).

Vanquished Creatures
  A gnoll bouda (D:3)
  An orc priest (D:3)
  Jessica (D:2)
  8 gnolls
  3 adders
  A dart slug (D:2)
  4 orcs (D:3)
  6 ball pythons
  A bat (D:3)
  4 endoplasms (D:1)
  2 giant cockroaches
  5 goblins
  5 hobgoblins
  2 kobolds
  2 quokkas
  2 frilled lizards
  7 rats
55 creatures vanquished.

Notes
Turn   | Place    | Note
-------+----------+-------------------------------------------
     0 | D:1      | Persephone the Octopode Shapeshifter began the quest for
                  | the Orb.
     0 | D:1      | Reached XP level 1. HP: 13/13 MP: 1/1
     8 | D:1      | Noticed a black bear
     8 | D:1      | Noticed a wyvern
     8 | D:1      | Noticed a wolf
     9 | D:1      | Noticed a salamander
     9 | D:1      | Noticed a swamp worm
    22 | D:1      | You fall into a shaft and drop 1 floor!
   109 | D:2      | Reached XP level 2. HP: 18/18 MP: 2/2
   320 | D:1      | Reached XP level 3. HP: 13/23 MP: 3/3
  1073 | D:2      | Noticed Jessica
  1080 | D:2      | Killed Jessica
  1081 | D:2      | Reached XP level 4. HP: 17/29 MP: 2/4
  1454 | D:2      | Reached XP level 5. HP: 12/35 MP: 1/5
  1601 | D:3      | Found an opulent altar of Gozag.
  1611 | D:3      | Became a worshipper of Gozag Ym Sagoz the Greedy
  1836 | D:3      | Reached XP level 6. HP: 16/41 MP: 1/6
  1848 | D:3      | Slain by a gnoll

Illustrated notes

Levels and vault maps discovered:
D:1:      onia_arrival_zoo_common, layout_rooms, minmay_cupped
D:2:      layout_loops_ring, corexii_hall_statues_i, uniq_jessica
D:3:      layout_basic, nicolae_overflow_crystal_walls, nicolae_grassy_gnolls

Skill      XL: |  1  2  3  4  5 |
---------------+----------------+-----
Fighting       | 2 |  2.9
Shapeshifting  | 4 |  4.8
Unarmed Combat | 4 |  4.1
Dodging        | |  2.0

Action                     |  1- 3 |  4- 6 || total
---------------------------+-------+-------++-------
  Melee: Unarmed           |    58 |    44 ||   102
         Constrict         |    14 |    12 ||    26
         Tentacles         |    11 |    10 ||    21
         Punch             |     1 |     1 ||     2
  Throw: Boomerang         |       |    11 ||    11
    Use: Potion            |       |     3 ||     3
         Scroll            |       |     3 ||     3
   Stab: Sleeping          |     9 |     2 ||    11
 Armour: Skin              |    13 |    39 ||    52
  Dodge: Dodged            |    27 |    18 ||    45

Table legend: (Time is in decaauts)
 A = Elapsed time spent in this place.
 B = Non-inter-level travel time spent in this place.
 C = Inter-level travel time spent in this place.
 D = Time resting spent in this place.
 E = Time spent auto-exploring this place.
 F = Levels seen in this place.
 G = Mean time per level.
                   A        B        C        D        E       F      G
               +--------+--------+--------+--------+--------+-----+--------+
         Total |   1843 |   1804 |     39 |      0 |   1454 |   3 |  614.3 |
       Dungeon |   1843 |   1804 |     39 |      0 |   1454 |   3 |  614.3 |
               +--------+--------+--------+--------+--------+-----+--------+

Top non-repeatable levels by time:
     D:2: 976 daAuts
     D:1: 590 daAuts
     D:3: 276 daAuts
